 Dungeon Crawl Stone Soup version 0.28.0-53-g5a82cb258f (webtiles) character file.

Game seed: 7408590414415589601

70 Peloso the Skirmisher (level 4, 0/41 HPs)
             Began as a Minotaur Fighter on July 18, 2022.
             Slain by Grinder (3 damage)
             ... on level 3 of the Dungeon.
             The game lasted 00:02:24 (2153 turns).

Peloso the Skirmisher (Minotaur Fighter)            Turns: 2153, Time: 00:02:24

Health: 0/41       AC:  7    Str: 19 (20) XL:     4   Next: 4%
Magic:  3/3        EV:  9    Int:  3 (5)  God:
Gold:   138        SH:  5    Dex: 12      Spells: 3/3 levels left

rFire   . . .      SeeInvis .   a - +1 long sword
rCold   . . .      Faith    .   c - +0 buckler
rNeg    . . .      Spirit   .   b - +0 scale mail
rPois   .          Reflect  .   (helmet restricted)
rElec   .          Harm     .   (no cloak)
rCorr   .          Rampage  .   (no gloves)
Will    .....                   (no boots)
Stlth   ..........              (no amulet)
HPRegen 0.13/turn               (no ring)
MPRegen 0.08/turn               (no ring)

@: slowed, very slow
A: horns 2, retaliatory headbutt
a: no special abilities


You were on level 3 of the Dungeon.
You visited 1 branch of the dungeon, and saw 3 of its levels.

You collected 138 gold pieces.

Inventory:

Hand Weapons
 a - a +1 long sword (weapon)
Armour
 b - a +0 scale mail (worn)
 c - a +0 buckler (worn)
Scrolls
 e - a scroll of magic mapping {unknown}
 h - a scroll of teleportation
 i - a scroll of fog {unknown}
 l - a scroll of blinking {unknown}
Potions
 d - 2 potions of might
 f - a potion of lignification {unknown}
 g - a potion of curing {unknown}
 j - a potion of heal wounds {unknown}


   Skills:
 + Level 4.6 Fighting
 + Level 3.2 Long Blades
 + Level 4.2 Armour
 + Level 4.1 Shields


You had 3 spell levels left.
You didn't know any spells.
Your spell library contained the following spells:

 Spells                   Type           Power      Damage    Failure   Level
 Confusing Touch          Hex            0%         N/A       100%        3
 Yara's Violent Unravell  Hex/Tmut       0%         3d3       100%        5
 Enfeeble                 Hex            0%         N/A       100%        7


Dungeon Overview and Level Annotations

Branches:
Dungeon (3/15)

Altars:

Shops:
D:1 (

Annotations:
D:3 Grinder


Innate Abilities, Weirdness & Mutations

You have a pair of horns on your head.
You reflexively headbutt those who attack you in melee.


Message History

Natasha is moderately wounded.
Natasha closely misses you. You furiously retaliate!
You headbutt Natasha, but do no damage. Natasha barely misses you.
You hit Natasha but do no damage.
Natasha is moderately wounded.
Natasha completely misses you. Natasha claws you but does no damage.
You barely miss Natasha.
Natasha is moderately wounded.
Natasha casts a spell.
Natasha mumbles some strange words.
You hit Natasha. Your headbutt misses Natasha.
Natasha is moderately wounded.
Natasha barely misses you. You block the crimson imp's attack.
Natasha barely misses you.
The crimson imp hits you but does no damage.
You hit Natasha but do no damage.
Natasha is moderately wounded.
Natasha claws you.
* * * LOW HITPOINT WARNING * * *
The crimson imp closely misses you. You block Natasha's attack.
The crimson imp blinks!
Natasha casts a spell.
You slash Natasha!
You kill Natasha!
Suddenly Natasha's spirit rises from her lifeless body.
The crimson imp disappears in a puff of smoke! x3
Grinder says, "I used to sell toenails on the black market."
You feel your dexterity returning.
You have reached level 4!
You feel agile.
You slash Grinder!
Grinder is lightly wounded.
Grinder hits you.
* * * LOW HITPOINT WARNING * * *
You writhe in agony.
* * * LOW HITPOINT WARNING * * *
Grinder completely misses you. You furiously retaliate!
You headbutt Grinder, but do no damage. Grinder hits you.
* * * LOW HITPOINT WARNING * * *
You writhe in agony.
You die...

### ## ..### .#
....# # .# .# ....#
#. .# .. ....#
#.###.# .# ....#
[.... .# ....#
##..######.# ###.#
#....§§.5.§# ###.##
#.#..##@###..<...
<#...#####.#...#.##
.....
..###<............+
.... ..#
#.####.#...#.## ...
#.###.# #.##.##.#
.. #....##
#.##.##.# . #.####
#.##.##.# #.#
#.......# #.#
###.....#


You could see Grinder.

Vanquished Creatures
  Natasha (D:3)
  An adder (D:3)
  A worm (D:3)
  A dart slug (D:1)
  An orc (D:3)
  4 endoplasms
  5 goblins
  3 hobgoblins (D:1)
  A quokka (D:1)
  6 ball pythons
  3 bats (D:1)
  2 kobolds (D:2)
  2 rats
31 creatures vanquished.

Notes
Turn   | Place    | Note
-------+----------+-------------------------------------------
     0 | D:1      | Peloso the Minotaur Fighter began the quest for the Orb.
     0 | D:1      | Reached XP level 1. HP: 19/19 MP: 0/0
     8 | D:1      | Found Qewuh's Weapon Emporium.
   303 | D:1      | Reached XP level 2. HP: 27/27 MP: 1/1
  1322 | D:2      | Found a faded altar of an unknown god.
  1322 | D:2      | Noticed a crimson imp
  1840 | D:3      | Reached XP level 3. HP: 26/33 MP: 2/2
  2139 | D:3      | Noticed Grinder
  2139 | D:3      | Noticed Natasha
  2152 | D:3      | Killed Natasha
  2153 | D:3      | Reached XP level 4. HP: 12/41 MP: 3/3
  2153 | D:3      | Slain by Grinder

Illustrated notes

Levels and vault maps discovered:
D:1:      shiori_shiawase, layout_basic, serial_shops, shop
D:2:      layout_basic, dreamdust_ecumenical_altar_sealed_demon, minivault_4,
          eino_tiny_chamber
D:3:      layout_loops_corners, fedhas_ov_isle_minmay,
          gammafunk_ghost_necromancy, uniq_natasha, uniq_grinder

Skill      XL: |  1  2  3 |
---------------+----------+-----
Shields        | 4 |  4.1
Armour         | 4 |  4.2
Long Blades    | 3 |  3.2
Fighting       | 4 |  4.6

Action                   |  1- 3 |  4- 6 || total
-------------------------+-------+-------++-------
Melee: Long sword        |    61 |     1 ||    62
       Headbutt          |     7 |       ||     7
  Use: Scroll            |     4 |       ||     4
       Potion            |     3 |       ||     3
Armor: Scale mail        |    30 |       ||    30
Dodge: Dodged            |    31 |     1 ||    32
Block: Buckler           |    13 |       ||    13
